Sharks vs Senators

Created - December 18 2006 at 19:31

Goals
1 2 3 T
Sharks 0 1 0 1
Senators 0 1 3 4
Shots
1 2 3 T
Sharks 7 9 13 29
Senators 7 7 8 22

Period #1

No Goal

Penalities :
Barret Jackman (SJS) for Head-butting (Major) at 1:17, Antoine Vermette (OTT) for Checking from behind (Major) at 3:39, Patrick Eaves (OTT) for Cross-checking (Minor) at 9:37, Anton Volchenkov (OTT) for Elbowing (Minor) at 16:21

Period #2

1. Senators , Jason Spezza 3 (Wade Redden, Andrej Meszaros) at 1:22
2. Sharks , Matt Carle 2 (Grant Stevenson, Joe Thornton) at 4:11

Penalities :
Matt Carle (SJS) for Cross-checking (Minor) at 1:32, Mathieu Biron (SJS) for Holding (Minor) at 6:09, Dustin Brown (SJS) for Delaying the game (Minor) at 9:56, Wade Redden (OTT) for Elbowing (Minor) at 14:22, Steve Bernier (SJS) for Elbowing (Minor) at 16:40, Mark Bell (SJS) for Tripping (Minor) at 18:52

Period #3

3. Senators , Joe Corvo 1 (Mike Fisher, Antoine Vermette) at 0:56
4. Senators , Patrick Eaves 1 (Joe Corvo, Antoine Vermette) at 5:40
5. Senators , Peter Schaefer 7 (Dany Heatley, Anton Volchenkov) at 5:55

Penalities :
Chris Neil (OTT) for Cross-checking (Minor) at 3:17, Andrej Meszaros (OTT) for Slashing (Minor) at 9:35, Steve Bernier (SJS) for Interference (Minor) at 17:04

Goalie Stats

Rick DiPietro (SJS), 13 saves from 17 shots - (0.765), L, 5-4-0, 46:55 minutes
Vesa Toskala (SJS), 5 saves from 5 shots - (1.000), 14:5 minutes
Ray Emery (OTT), 28 saves from 29 shots - (0.966), W, 3-0-0, 60:00 minutes

Players Stats

Sharks
Player Name              G  A  P  +/- PIM S  H  SB FO MP 
-----------------------------------------------------------
Alyn McCauley            0  0  0  -2  0   5  1  0  1  21 
Barret Jackman           0  0  0   0  15  0  0  0  0  1  
Christian Ehrhoff        0  0  0   0  0   0  0  0  0  4  
Curtis Brown             0  0  0  -1  0   0  1  0  17 16 
Dustin Brown             0  0  0  -2  2   0  1  0  3  16 
Grant Stevenson          0  1  1  -2  0   5  0  0  15 15 
Joe Thornton             0  1  1   1  0   4  0  1  21 25 
Jonathan Cheechoo        0  0  0   0  0   5  1  0  7  24 
Kyle McLaren             0  0  0  -1  0   3  4  1  0  27 
Mark Bell                0  0  0  -2  2   0  0  0  2  19 
Mathieu Biron            0  0  0  -1  2   0  0  1  0  10 
Matt Carle               1  0  1  -1  2   1  2  1  0  24 
Mike Grier               0  0  0   0  0   0  1  1  10 14 
Milan Michalek           0  0  0   0  0   0  0  0  1  18 
Richard Jackman          0  0  0  -3  0   0  1  1  0  23 
Scott Hannan             0  0  0   0  0   1  0  1  0  26 
Steve Bernier            0  0  0  -1  4   5  1  0  1  17 
Ville Nieminen           0  0  0   0  0   0  0  0  4  8  
Senators
Player Name              G  A  P  +/- PIM S  H  SB FO MP 
-----------------------------------------------------------
Andrej Meszaros          0  1  1   1  2   0  0  0  0  23 
Antoine Vermette         0  2  2   2  5   2  0  0  21 21 
Anton Volchenkov         0  1  1   0  2   0  1  1  0  16 
Brent Seabrook           0  0  0   0  0   0  0  0  0  0  
Chris Kelly              0  0  0   0  0   0  0  1  2  4  
Chris Neil               0  0  0   0  2   1  0  0  1  10 
Dany Heatley             0  1  1   1  0   1  1  0  6  27 
Denis Grebeshkov         0  0  0   0  0   0  0  0  0  0  
Jason Spezza             1  0  1   1  0   2  0  0  33 25 
Joe Corvo                1  1  2   2  0   2  0  3  0  22 
Joffrey Lupul            0  0  0   2  0   2  0  0  7  21 
Marc-Andre Bergeron      0  0  0   2  0   3  0  0  0  22 
Mike Fisher              0  1  1   1  0   3  2  0  4  26 
Patrick Eaves            1  0  1   2  2   1  2  0  1  17 
Peter Schaefer           1  0  1   0  0   4  0  0  7  22 
Tom Preissing            0  0  0   0  0   0  0  0  0  18 
Vaclav Varada            0  0  0   0  0   0  0  0  0  3  
Wade Redden              0  1  1   1  2   1  0  2  0  25 

3 Stars

1 - Ray Emery (OTT)
2 - Joe Corvo (OTT)
3 - Patrick Eaves (OTT)

Power Play

Sharks - 0 on 6 Attempt(s) - 0.00%
Senators - 0 on 7 Attempt(s) - 0.00%

Penalty Kill

Sharks - 7 on 7 Attempt(s) - 100.00% - Score 0 goal in Penalty Kill
Senators - 6 on 6 Attempt(s) - 100.00% - Score 0 goal in Penalty Kill

Game Notes

Barret Jackman ejected from game at 1:17 of 1st period
Vesa Toskala enters game at 5:55 of 3rd period

Finance

Level 1 -- Attendance: 4571 (76.18%) -- Ticket Income $457,100.00
Level 2 -- Attendance: 4997 (95.17%) -- Ticket Income $249,850.00
Level 3 -- Attendance: 2192 (97.44%) -- Ticket Income $76,720.00
Level 4 -- Attendance: 3342 (83.54%) -- Ticket Income $66,840.00
Luxury Box -- Attendance: 1000 (100.00%) -- Ticket Income $175,000.00
Game was played at the Corel Centre
Total Attendance: 16102 (87.04%)
Total Ticket Income: $1,036,900.00
Other Expense: $98,067.40
Total Income: $938,833.00


Play by Play

Period #1

0:01 of 1st period - Joe Thornton wins face-off versus Jason Spezza in neutral zone.
0:12 of 1st period - Shot by Jonathan Cheechoo.
0:12 of 1st period - Stopped by Ray Emery without a rebound.
0:13 of 1st period - Grant Stevenson wins face-off versus Antoine Vermette in Senators zone.
0:13 of 1st period - Dustin Brown is hit by Mike Fisher and loses puck.
0:18 of 1st period - Icing by Patrick Eaves.
0:19 of 1st period - Curtis Brown wins face-off versus Mike Fisher in Senators zone.
0:35 of 1st period - Patrick Eaves is hit by Alyn McCauley and loses puck.
0:54 of 1st period - Icing by Mike Fisher.
0:55 of 1st period - Antoine Vermette wins face-off versus Joe Thornton in Senators zone.
1:12 of 1st period - Shot by Marc-Andre Bergeron.
1:12 of 1st period - Stopped by Rick DiPietro without a rebound.
1:13 of 1st period - Jason Spezza wins face-off versus Grant Stevenson in Sharks zone.
1:17 of 1st period - Major Penalty to Barret Jackman for Head-butting.
1:17 of 1st period - Barret Jackman is ejected from game.
1:18 of 1st period - Grant Stevenson wins face-off versus Jason Spezza in Sharks zone.
2:21 of 1st period - Shot by Antoine Vermette.
2:21 of 1st period - Stopped by Rick DiPietro without a rebound.
2:22 of 1st period - Dany Heatley wins face-off versus Curtis Brown in Sharks zone.
2:49 of 1st period - Shot by Peter Schaefer.
2:49 of 1st period - Stopped by Rick DiPietro without a rebound.
2:50 of 1st period - Milan Michalek wins face-off versus Antoine Vermette in Sharks zone.
3:09 of 1st period - Shot by Patrick Eaves.
3:09 of 1st period - Shot Misses the Net.
3:10 of 1st period - Shot by Marc-Andre Bergeron.
3:10 of 1st period - Stopped by Rick DiPietro without a rebound.
3:11 of 1st period - Joffrey Lupul wins face-off versus Curtis Brown in Sharks zone.
3:15 of 1st period - Icing by Richard Jackman.
3:16 of 1st period - Curtis Brown wins face-off versus Joffrey Lupul in Sharks zone.
3:29 of 1st period - Shot by Steve Bernier.
3:29 of 1st period - Stopped by Ray Emery without a rebound.
3:30 of 1st period - Grant Stevenson wins face-off versus Antoine Vermette in Senators zone.
3:30 of 1st period - Dustin Brown is hit by Mike Fisher and loses puck.
3:39 of 1st period - Major Penalty to Antoine Vermette for Checking from behind.
3:40 of 1st period - Jason Spezza wins face-off versus Mike Grier in Senators zone.
4:17 of 1st period - Shot by Steve Bernier.
4:17 of 1st period - Stopped by Ray Emery with a rebound.
6:47 of 1st period - Icing by Ville Nieminen.
6:48 of 1st period - Jason Spezza wins face-off versus Ville Nieminen in Sharks zone.
7:18 of 1st period - Icing by Scott Hannan.
7:19 of 1st period - Peter Schaefer wins face-off versus Ville Nieminen in Sharks zone.
7:46 of 1st period - Shot by Joe Thornton.
7:46 of 1st period - Stopped by Ray Emery with a rebound.
8:13 of 1st period - Shot by Joe Thornton.
8:13 of 1st period - Shot Blocked by Chris Kelly.
8:19 of 1st period - Icing by Richard Jackman.
8:20 of 1st period - Peter Schaefer wins face-off versus Mark Bell in Sharks zone.
8:27 of 1st period - Shot by Peter Schaefer.
8:27 of 1st period - Shot Hit the Post.
8:33 of 1st period - Icing by Kyle McLaren.
8:34 of 1st period - Joe Thornton wins face-off versus Jason Spezza in Sharks zone.
8:39 of 1st period - Shot by Joe Thornton.
8:39 of 1st period - Stopped by Ray Emery with a rebound.
8:53 of 1st period - Icing by Grant Stevenson.
8:54 of 1st period - Antoine Vermette wins face-off versus Dustin Brown in Sharks zone.
8:59 of 1st period - Shot by Mike Fisher.
8:59 of 1st period - Stopped by Rick DiPietro without a rebound.
9:00 of 1st period - Dany Heatley wins face-off versus Grant Stevenson in Sharks zone.
9:23 of 1st period - Shot by Chris Neil.
9:23 of 1st period - Stopped by Rick DiPietro without a rebound.
9:24 of 1st period - Joffrey Lupul wins face-off versus Curtis Brown in Sharks zone.
9:31 of 1st period - Shot by Dany Heatley.
9:31 of 1st period - Shot Misses the Net.
9:36 of 1st period - Shot by Dany Heatley.
9:36 of 1st period - Stopped by Rick DiPietro without a rebound.
9:37 of 1st period - Joe Thornton wins face-off versus Mike Fisher in Sharks zone.
9:37 of 1st period - Minor Penalty to Patrick Eaves for Cross-checking.
9:38 of 1st period - Jason Spezza wins face-off versus Mike Grier in Sharks zone.
10:48 of 1st period - Icing by Richard Jackman.
10:49 of 1st period - Joe Thornton wins face-off versus Peter Schaefer in Sharks zone.
11:48 of 1st period - Shot by Patrick Eaves.
11:48 of 1st period - Shot Misses the Net.
13:34 of 1st period - Antoine Vermette is hit by Kyle McLaren and loses puck.
14:07 of 1st period - Icing by Peter Schaefer.
14:08 of 1st period - Antoine Vermette wins face-off versus Grant Stevenson in Senators zone.
14:12 of 1st period - Peter Schaefer is hit by Matt Carle and loses puck.
14:43 of 1st period - Mike Fisher is hit by Dustin Brown and loses puck.
15:52 of 1st period - Peter Schaefer is hit by Matt Carle and loses puck.
16:21 of 1st period - Minor Penalty to Anton Volchenkov for Elbowing.
16:22 of 1st period - Jason Spezza wins face-off versus Jonathan Cheechoo in Senators zone.
16:30 of 1st period - Icing by Kyle McLaren.
16:31 of 1st period - Joe Thornton wins face-off versus Jason Spezza in Sharks zone.
16:56 of 1st period - Shot by Jonathan Cheechoo.
16:56 of 1st period - Shot Misses the Net.
16:57 of 1st period - Shot by Kyle McLaren.
16:57 of 1st period - Shot Misses the Net.
16:58 of 1st period - Shot by Kyle McLaren.
16:58 of 1st period - Stopped by Ray Emery without a rebound.
16:59 of 1st period - Jason Spezza wins face-off versus Mike Grier in Senators zone.
17:46 of 1st period - Shot by Steve Bernier.
17:46 of 1st period - Stopped by Ray Emery without a rebound.
17:47 of 1st period - Jason Spezza wins face-off versus Ville Nieminen in Senators zone.
18:39 of 1st period - Peter Schaefer is hit by Kyle McLaren and loses puck.
19:48 of 1st period - Jason Spezza is hit by Jonathan Cheechoo and loses puck.

Period #2

0:01 of 2nd period - Jason Spezza wins face-off versus Joe Thornton in neutral zone.
0:24 of 2nd period - Shot by Joe Thornton.
0:24 of 2nd period - Stopped by Ray Emery without a rebound.
0:25 of 2nd period - Patrick Eaves wins face-off versus Grant Stevenson in Senators zone.
0:44 of 2nd period - Shot by Grant Stevenson.
0:44 of 2nd period - Shot Misses the Net.
0:47 of 2nd period - Shot by Kyle McLaren.
0:47 of 2nd period - Stopped by Ray Emery without a rebound.
0:48 of 2nd period - Jason Spezza wins face-off versus Curtis Brown in Senators zone.
1:17 of 2nd period - Shot by Jason Spezza.
1:17 of 2nd period - Shot Misses the Net.
1:18 of 2nd period - Shot by Wade Redden.
1:18 of 2nd period - Stopped by Rick DiPietro with a rebound.
1:21 of 2nd period - Shot by Jason Spezza.
1:21 of 2nd period - Shot Hit the Post.
1:22 of 2nd period - Shot by Wade Redden.
1:22 of 2nd period - Goal by Jason Spezza.
1:23 of 2nd period - Grant Stevenson wins face-off versus Antoine Vermette in neutral zone.
1:23 of 2nd period - Dustin Brown is hit by Patrick Eaves and loses puck.
1:32 of 2nd period - Minor Penalty to Matt Carle for Cross-checking.
1:33 of 2nd period - Antoine Vermette wins face-off versus Joe Thornton in Senators zone.
2:39 of 2nd period - Icing by Andrej Meszaros.
2:40 of 2nd period - Jason Spezza wins face-off versus Jonathan Cheechoo in Senators zone.
2:51 of 2nd period - Shot by Joffrey Lupul.
2:51 of 2nd period - Shot Misses the Net.
4:08 of 2nd period - Shot by Mark Bell.
4:08 of 2nd period - Shot Misses the Net.
4:09 of 2nd period - Shot by Joe Thornton.
4:09 of 2nd period - Shot Blocked by Anton Volchenkov.
4:10 of 2nd period - Shot by Matt Carle.
4:10 of 2nd period - Shot Misses the Net.
4:11 of 2nd period - Shot by Matt Carle.
4:11 of 2nd period - Goal by Matt Carle.
4:12 of 2nd period - Alyn McCauley wins face-off versus Antoine Vermette in neutral zone.
4:22 of 2nd period - Off-side.
4:23 of 2nd period - Antoine Vermette wins face-off versus Ville Nieminen in neutral zone.
4:46 of 2nd period - Shot by Mike Fisher.
4:46 of 2nd period - Stopped by Rick DiPietro with a rebound.
5:55 of 2nd period - Shot by Grant Stevenson.
5:55 of 2nd period - Stopped by Ray Emery without a rebound.
5:56 of 2nd period - Curtis Brown wins face-off versus Jason Spezza in Senators zone.
6:01 of 2nd period - Shot by Steve Bernier.
6:01 of 2nd period - Stopped by Ray Emery without a rebound.
6:02 of 2nd period - Jason Spezza wins face-off versus Curtis Brown in Senators zone.
6:08 of 2nd period - Dany Heatley is hit by Curtis Brown and loses puck.
6:09 of 2nd period - Minor Penalty to Mathieu Biron for Holding.
6:10 of 2nd period - Jason Spezza wins face-off versus Joe Thornton in Sharks zone.
6:41 of 2nd period - Shot by Joffrey Lupul.
6:41 of 2nd period - Stopped by Rick DiPietro without a rebound.
6:42 of 2nd period - Jason Spezza wins face-off versus Joe Thornton in Sharks zone.
6:55 of 2nd period - Shot by Peter Schaefer.
6:55 of 2nd period - Shot Misses the Net.
7:01 of 2nd period - Joffrey Lupul is hit by Kyle McLaren and loses puck.
7:07 of 2nd period - Shot by Joffrey Lupul.
7:07 of 2nd period - Stopped by Rick DiPietro without a rebound.
7:08 of 2nd period - Antoine Vermette wins face-off versus Jonathan Cheechoo in Sharks zone.
7:29 of 2nd period - Shot by Mike Fisher.
7:29 of 2nd period - Stopped by Rick DiPietro without a rebound.
7:30 of 2nd period - Joe Thornton wins face-off versus Jason Spezza in Sharks zone.
7:42 of 2nd period - Jason Spezza is hit by Mike Grier and loses puck.
8:16 of 2nd period - Shot by Mathieu Biron.
8:16 of 2nd period - Shot Misses the Net.
8:38 of 2nd period - Peter Schaefer is hit by Richard Jackman and loses puck.
9:53 of 2nd period - Icing by Matt Carle.
9:54 of 2nd period - Jason Spezza wins face-off versus Dustin Brown in Sharks zone.
9:56 of 2nd period - Minor Penalty to Dustin Brown for Delaying the game.
9:57 of 2nd period - Jason Spezza wins face-off versus Jonathan Cheechoo in Sharks zone.
11:02 of 2nd period - Shot by Jonathan Cheechoo.
11:02 of 2nd period - Stopped by Ray Emery without a rebound.
11:03 of 2nd period - Antoine Vermette wins face-off versus Jonathan Cheechoo in Senators zone.
11:32 of 2nd period - Shot by Mike Fisher.
11:32 of 2nd period - Stopped by Rick DiPietro without a rebound.
11:33 of 2nd period - Jonathan Cheechoo wins face-off versus Dany Heatley in Sharks zone.
11:58 of 2nd period - Shot by Chris Kelly.
11:58 of 2nd period - Shot Misses the Net.
12:50 of 2nd period - Dany Heatley is hit by Kyle McLaren and loses puck.
13:02 of 2nd period - Shot by Jonathan Cheechoo.
13:02 of 2nd period - Shot Misses the Net.
13:03 of 2nd period - Shot by Kyle McLaren.
13:03 of 2nd period - Stopped by Ray Emery without a rebound.
13:04 of 2nd period - Antoine Vermette wins face-off versus Steve Bernier in Senators zone.
13:30 of 2nd period - Alyn McCauley is hit by Patrick Eaves and loses puck.
13:40 of 2nd period - Shot by Alyn McCauley.
13:40 of 2nd period - Shot Misses the Net.
14:22 of 2nd period - Minor Penalty to Wade Redden for Elbowing.
14:23 of 2nd period - Jason Spezza wins face-off versus Mike Grier in Sharks zone.
14:26 of 2nd period - Shot by Mike Fisher.
14:26 of 2nd period - Shot Blocked by Mike Grier.
14:32 of 2nd period - Off-side.
14:33 of 2nd period - Mike Grier wins face-off versus Peter Schaefer in neutral zone.
16:30 of 2nd period - Shot by Grant Stevenson.
16:30 of 2nd period - Stopped by Ray Emery with a rebound.
16:33 of 2nd period - Shot by Ville Nieminen.
16:33 of 2nd period - Shot Misses the Net.
16:34 of 2nd period - Shot by Alyn McCauley.
16:34 of 2nd period - Shot Misses the Net.
16:39 of 2nd period - Shot by Alyn McCauley.
16:39 of 2nd period - Stopped by Ray Emery without a rebound.
16:40 of 2nd period - Joffrey Lupul wins face-off versus Curtis Brown in Senators zone.
16:40 of 2nd period - Minor Penalty to Steve Bernier for Elbowing.
16:41 of 2nd period - Jason Spezza wins face-off versus Jonathan Cheechoo in Senators zone.
16:48 of 2nd period - Shot by Jason Spezza.
16:48 of 2nd period - Shot Misses the Net.
17:04 of 2nd period - Icing by Andrej Meszaros.
17:05 of 2nd period - Jason Spezza wins face-off versus Joe Thornton in Senators zone.
18:41 of 2nd period - Icing by Curtis Brown.
18:42 of 2nd period - Chris Kelly wins face-off versus Mark Bell in Sharks zone.
18:52 of 2nd period - Minor Penalty to Mark Bell for Tripping.
18:53 of 2nd period - Antoine Vermette wins face-off versus Mike Grier in Sharks zone.

Period #3

0:01 of 3rd period - Joe Thornton wins face-off versus Jason Spezza in neutral zone.
0:23 of 3rd period - Icing by Andrej Meszaros.
0:24 of 3rd period - Joe Thornton wins face-off versus Jason Spezza in Senators zone.
0:55 of 3rd period - Shot by Antoine Vermette.
0:55 of 3rd period - Shot Blocked by Richard Jackman.
0:56 of 3rd period - Shot by Joe Corvo.
0:56 of 3rd period - Goal by Joe Corvo.
0:57 of 3rd period - Antoine Vermette wins face-off versus Curtis Brown in neutral zone.
0:59 of 3rd period - Off-side.
1:00 of 3rd period - Antoine Vermette wins face-off versus Curtis Brown in neutral zone.
1:08 of 3rd period - Off-side.
1:09 of 3rd period - Antoine Vermette wins face-off versus Grant Stevenson in neutral zone.
1:58 of 3rd period - Shot by Grant Stevenson.
1:58 of 3rd period - Shot Misses the Net.
2:15 of 3rd period - Shot by Alyn McCauley.
2:15 of 3rd period - Stopped by Ray Emery with a rebound.
2:20 of 3rd period - Shot by Curtis Brown.
2:20 of 3rd period - Shot Misses the Net.
2:21 of 3rd period - Shot by Alyn McCauley.
2:21 of 3rd period - Shot Blocked by Joe Corvo.
2:22 of 3rd period - Shot by Richard Jackman.
2:22 of 3rd period - Shot Blocked by Joe Corvo.
2:23 of 3rd period - Shot by Alyn McCauley.
2:23 of 3rd period - Stopped by Ray Emery without a rebound.
2:24 of 3rd period - Joe Thornton wins face-off versus Jason Spezza in Senators zone.
2:52 of 3rd period - Jonathan Cheechoo is hit by Dany Heatley and loses puck.
3:17 of 3rd period - Minor Penalty to Chris Neil for Cross-checking.
3:18 of 3rd period - Mike Grier wins face-off versus Jason Spezza in Sharks zone.
5:37 of 3rd period - Shot by Antoine Vermette.
5:37 of 3rd period - Shot Misses the Net.
5:40 of 3rd period - Shot by Patrick Eaves.
5:40 of 3rd period - Goal by Patrick Eaves.
5:41 of 3rd period - Dany Heatley wins face-off versus Dustin Brown in neutral zone.
5:54 of 3rd period - Shot by Peter Schaefer.
5:54 of 3rd period - Shot Blocked by Kyle McLaren.
5:55 of 3rd period - Shot by Peter Schaefer.
5:55 of 3rd period - Goal by Peter Schaefer.
5:55 of 3rd period - Vesa Toskala enters game.
5:56 of 3rd period - Joffrey Lupul wins face-off versus Joe Thornton in neutral zone.
6:15 of 3rd period - Shot by Joffrey Lupul.
6:15 of 3rd period - Shot Misses the Net.
6:16 of 3rd period - Shot by Joffrey Lupul.
6:16 of 3rd period - Shot Misses the Net.
6:44 of 3rd period - Off-side.
6:45 of 3rd period - Curtis Brown wins face-off versus Antoine Vermette in neutral zone.
6:48 of 3rd period - Shot by Curtis Brown.
6:48 of 3rd period - Shot Blocked by Joe Corvo.
7:23 of 3rd period - Shot by Antoine Vermette.
7:23 of 3rd period - Shot Misses the Net.
7:24 of 3rd period - Shot by Marc-Andre Bergeron.
7:24 of 3rd period - Shot Misses the Net.
7:25 of 3rd period - Shot by Marc-Andre Bergeron.
7:25 of 3rd period - Stopped by Vesa Toskala without a rebound.
7:26 of 3rd period - Joffrey Lupul wins face-off versus Grant Stevenson in Sharks zone.
8:05 of 3rd period - Shot by Grant Stevenson.
8:05 of 3rd period - Stopped by Ray Emery with a rebound.
8:31 of 3rd period - Icing by Kyle McLaren.
8:32 of 3rd period - Joe Thornton wins face-off versus Antoine Vermette in Sharks zone.
8:47 of 3rd period - Shot by Joe Thornton.
8:47 of 3rd period - Stopped by Ray Emery with a rebound.
9:35 of 3rd period - Minor Penalty to Andrej Meszaros for Slashing.
9:36 of 3rd period - Jason Spezza wins face-off versus Mike Grier in Senators zone.
10:26 of 3rd period - Icing by Matt Carle.
10:27 of 3rd period - Mike Grier wins face-off versus Peter Schaefer in Sharks zone.
10:31 of 3rd period - Off-side.
10:32 of 3rd period - Joe Thornton wins face-off versus Peter Schaefer in neutral zone.
10:37 of 3rd period - Shot by Jonathan Cheechoo.
10:37 of 3rd period - Stopped by Ray Emery with a rebound.
10:38 of 3rd period - Shot by Jonathan Cheechoo.
10:38 of 3rd period - Shot Misses the Net.
10:39 of 3rd period - Shot by Scott Hannan.
10:39 of 3rd period - Shot Misses the Net.
10:42 of 3rd period - Shot by Jonathan Cheechoo.
10:42 of 3rd period - Shot Misses the Net.
11:22 of 3rd period - Icing by Mike Grier.
11:23 of 3rd period - Peter Schaefer wins face-off versus Mike Grier in Sharks zone.
11:54 of 3rd period - Shot by Dustin Brown.
11:54 of 3rd period - Shot Misses the Net.
11:55 of 3rd period - Shot by Richard Jackman.
11:55 of 3rd period - Shot Misses the Net.
11:58 of 3rd period - Shot by Grant Stevenson.
11:58 of 3rd period - Stopped by Ray Emery without a rebound.
11:59 of 3rd period - Joffrey Lupul wins face-off versus Curtis Brown in Senators zone.
12:24 of 3rd period - Shot by Curtis Brown.
12:24 of 3rd period - Shot Misses the Net.
12:25 of 3rd period - Shot by Mathieu Biron.
12:25 of 3rd period - Shot Blocked by Wade Redden.
12:26 of 3rd period - Shot by Mathieu Biron.
12:26 of 3rd period - Shot Blocked by Wade Redden.
12:49 of 3rd period - Shot by Grant Stevenson.
12:49 of 3rd period - Shot Misses the Net.
12:52 of 3rd period - Shot by Dustin Brown.
12:52 of 3rd period - Shot Misses the Net.
12:53 of 3rd period - Shot by Scott Hannan.
12:53 of 3rd period - Stopped by Ray Emery without a rebound.
12:54 of 3rd period - Joe Thornton wins face-off versus Jason Spezza in Senators zone.
12:59 of 3rd period - Shot by Jonathan Cheechoo.
12:59 of 3rd period - Stopped by Ray Emery with a rebound.
13:02 of 3rd period - Shot by Jonathan Cheechoo.
13:02 of 3rd period - Stopped by Ray Emery without a rebound.
13:03 of 3rd period - Mike Fisher wins face-off versus Joe Thornton in Senators zone.
13:16 of 3rd period - Shot by Jason Spezza.
13:16 of 3rd period - Stopped by Vesa Toskala with a rebound.
13:17 of 3rd period - Shot by Marc-Andre Bergeron.
13:17 of 3rd period - Shot Misses the Net.
13:18 of 3rd period - Shot by Joe Corvo.
13:18 of 3rd period - Shot Blocked by Joe Thornton.
13:23 of 3rd period - Shot by Mike Fisher.
13:23 of 3rd period - Shot Misses the Net.
13:26 of 3rd period - Shot by Jason Spezza.
13:26 of 3rd period - Shot Misses the Net.
13:27 of 3rd period - Shot by Joe Corvo.
13:27 of 3rd period - Stopped by Vesa Toskala without a rebound.
13:28 of 3rd period - Dany Heatley wins face-off versus Grant Stevenson in Sharks zone.
13:35 of 3rd period - Shot by Peter Schaefer.
13:35 of 3rd period - Stopped by Vesa Toskala without a rebound.
13:36 of 3rd period - Jason Spezza wins face-off versus Grant Stevenson in Sharks zone.
13:42 of 3rd period - Icing by Richard Jackman.
13:43 of 3rd period - Antoine Vermette wins face-off versus Grant Stevenson in Sharks zone.
15:38 of 3rd period - Shot by Mike Fisher.
15:38 of 3rd period - Shot Blocked by Scott Hannan.
15:39 of 3rd period - Shot by Joe Corvo.
15:39 of 3rd period - Shot Misses the Net.
15:40 of 3rd period - Shot by Marc-Andre Bergeron.
15:40 of 3rd period - Stopped by Vesa Toskala without a rebound.
15:41 of 3rd period - Chris Kelly wins face-off versus Curtis Brown in Sharks zone.
15:42 of 3rd period - Shot by Peter Schaefer.
15:42 of 3rd period - Shot Blocked by Mathieu Biron.
16:06 of 3rd period - Off-side.
16:07 of 3rd period - Mike Fisher wins face-off versus Grant Stevenson in neutral zone.
16:20 of 3rd period - Shot by Antoine Vermette.
16:20 of 3rd period - Shot Blocked by Matt Carle.
16:31 of 3rd period - Shot by Alyn McCauley.
16:31 of 3rd period - Stopped by Ray Emery without a rebound.
16:32 of 3rd period - Curtis Brown wins face-off versus Jason Spezza in Senators zone.
16:54 of 3rd period - Icing by Curtis Brown.
16:55 of 3rd period - Curtis Brown wins face-off versus Chris Neil in Sharks zone.
16:55 of 3rd period - Steve Bernier is hit by Anton Volchenkov and loses puck.
17:04 of 3rd period - Minor Penalty to Steve Bernier for Interference.
17:05 of 3rd period - Joe Thornton wins face-off versus Antoine Vermette in neutral zone.
19:06 of 3rd period - Shot by Antoine Vermette.
19:06 of 3rd period - Shot Misses the Net.
19:21 of 3rd period - Shot by Grant Stevenson.
19:21 of 3rd period - Shot Misses the Net.
19:22 of 3rd period - Shot by Grant Stevenson.
19:22 of 3rd period - Stopped by Ray Emery without a rebound.
19:23 of 3rd period - Dany Heatley wins face-off versus Curtis Brown in Senators zone.
19:37 of 3rd period - Chris Neil is hit by Steve Bernier and loses puck.
19:47 of 3rd period - Shot by Alyn McCauley.
19:47 of 3rd period - Stopped by Ray Emery with a rebound.
19:50 of 3rd period - Shot by Steve Bernier.
19:50 of 3rd period - Stopped by Ray Emery without a rebound.
19:51 of 3rd period - Jason Spezza wins face-off versus Grant Stevenson in Senators zone.


Output by the STHS for Stephane Roy -- Original Page W3C XHTML 1.0 Valid